 Dungeon Crawl Stone Soup version 0.27.1-3-gb3d3a73c9e (webtiles) character file.

Game seed: 18334023688846784591

19 MrBoozer the Conjurer (level 2, -6/17 HPs)
             Began as an Octopode Conjurer on Oct 11, 2021.
             Mangled by an ogre (22 damage)
             ... on level 1 of the Dungeon.
             The game lasted 00:04:31 (1756 turns).

MrBoozer the Conjurer (Octopode Conjurer)           Turns: 1756, Time: 00:04:32

Health: -6/17      AC:  1    Str:  6    XL:     2   Next: 75%
Magic:  4/5        EV: 13    Int: 20    God:
Gold:   23         SH:  0    Dex: 10    Spells: 4/5 levels left

rFire    . . .     SeeInvis .   (no weapon)
rCold    . . .     Faith    .   (no shield)
rNeg     . . .     Spirit   .   (helmet restricted)
rPois    .         Reflect  .   (no amulet)
rElec    .         Harm     .   (no ring)
rCorr    .         Rampage  .   (no ring)
Will     .....                  (no ring)
Stlth    +++.......             (no ring)
HPRegen  0.05/turn              (no ring)
MPRegen  0.09/turn              (no ring)
                                (no ring)
                                (no ring)

@: no status effects
A: almost no armour, amphibious, 8 rings, camouflage 1, gelatinous body 1,
(nimble swimmer 1), tentacles
a: no special abilities


You were on level 1 of the Dungeon.
You visited 1 branch of the dungeon, and saw 2 of its levels.

You collected 23 gold pieces.

Inventory:

Missiles
 h - a throwing net
Jewellery
 e - a ring of magical power
Scrolls
 a - a scroll of fog {unknown}
 d - 2 scrolls of identify {unknown}
 g - a scroll of noise {unknown}
Potions
 b - a potion of invisibility {unknown}
 c - a potion of curing {unknown}
 f - a potion of degeneration {unknown}


   Skills:
 + Level 2.1 Dodging
 + Level 2.7 Stealth
 + Level 0.4 Unarmed Combat
 + Level 2.1 Spellcasting
 + Level 4.5 Conjurations


You had 4 spell levels left.
You knew the following spells:

 Your Spells              Type           Power      Damage    Failure   Level
a - Magic Dart            Conj           80%        1d7       2%          1

Your spell library contained the following spells:

 Spells                   Type           Power      Damage    Failure   Level
 Searing Ray              Conj           40%        3d4       3%          2
 Dazzling Flash           Conj/Hex       22%        N/A       19%         3
 Fulminant Prism          Conj/Hex       5%         3d7       52%         4
 Iskenderun's Mystic Bla  Conj/Tloc      11%        2d4       52%         4


Dungeon Overview and Level Annotations

Branches:
Dungeon (2/15)

Altars:


Innate Abilities, Weirdness & Mutations

You cannot wear most types of armour.
You are amphibious.
You can wear up to eight rings at the same time.
Your skin changes colour to match your surroundings (Stealth+).
Your rubbery body absorbs attacks. (AC +1, EV +1)
((You are camouflaged near water. (Stealth+)))
You have tentacles for arms and can constrict up to eight enemies at once.


Message History

The adder hisses angrily.
There is a stone staircase leading up here.
There are monsters nearby!
The frilled lizard misses you.
You climb upwards.
There is a stone staircase leading down here.
Casting: Magic Dart (safe; 2% risk of failure)
Confirm with . or Enter, or press ? or * to list all spells.
Aiming: Magic Dart (safe; 2% risk of failure)
Press: ? - help, Shift-Dir - straight line, f - frilled lizard
Aim: a frilled lizard (100% to hit)
The magic dart hits the frilled lizard.
The frilled lizard is heavily wounded.
The frilled lizard closely misses you.
Casting: Magic Dart (safe; 2% risk of failure)
Confirm with . or Enter, or press ? or * to list all spells.
Aiming: Magic Dart (safe; 2% risk of failure)
Press: ? - help, Shift-Dir - straight line, f/p - frilled lizard
Aim: a frilled lizard (heavily wounded, 100% to hit)
The magic dart hits the frilled lizard!
You kill the frilled lizard!
You start resting.
Magic restored.
You climb downwards.
The bat barely misses you. The adder bites you. The ogre misses you.
The bat barely misses you. The adder closely misses you.
There is a stone staircase leading up here.
The adder barely misses you. The ogre closely misses you.
You climb upwards.
There is a stone staircase leading down here.
Casting: Magic Dart (safe; 2% risk of failure)
Confirm with . or Enter, or press ? or * to list all spells.
Aiming: Magic Dart (safe; 2% risk of failure)
Press: ? - help, Shift-Dir - straight line, f - adder
Aim: an adder (100% to hit)
The magic dart hits the adder.
The adder is moderately wounded.
The adder barely misses you.
The ogre hits you with a +0 giant club!!
Ouch! That really hurt!
You die...

.♣..P.<.PP♣.#.##.#
#.# #.#
.♣PP..(P..♣.#.##.#
#.# #.#
.♣P...PP..♣...##.#
#.# #.#
.♣.(.P..PP♣...##.#
#.# #.#
.♣..PP..PP♣.#..#.#
#.# #.#
..♣♣♣♣♣♣♣♣♣.##.#.#
#.#########.#
............##...#
#...........#
##..###########O.#
#############
#......[.......S@#
#.################
....# #.#.# #.#.#
#.#.# ######
#.#.#####....####
#....(..........#
..#.#####....##.#


You could see an ogre and an adder.

Vanquished Creatures
  5 bats (D:1)
  3 endoplasms (D:1)
  2 giant cockroaches (D:1)
  2 goblins (D:1)
  A hobgoblin (D:1)
  A frilled lizard (D:1)
  A kobold (D:1)
  2 rats (D:1)
17 creatures vanquished.

Notes
Turn   | Place    | Note
-------+----------+-------------------------------------------
     0 | D:1      | MrBoozer the Octopode Conjurer began the quest for the Orb.
     0 | D:1      | Reached XP level 1. HP: 11/11 MP: 3/3
   861 | D:1      | Reached XP level 2. HP: 17/17 MP: 1/5
  1726 | D:2      | Noticed an ogre
  1756 | D:1      | Mangled by an ogre

Illustrated notes

Levels and vault maps discovered:
D:1:      scummos_arrival_checkerplants, layout_basic
D:2:      layout_rooms, basic_altar, hangedman_glass_teeth, st_stairs_2

Action                   || total
-------------------------++-------
Melee: Unarmed           ||    34
       Tentacles         ||     4
       Constrict         ||     5
 Cast: Magic Dart        ||    29
 Stab: Sleeping          ||     1
Armor: Skin              ||    11
Dodge: Dodged            ||    50
